 Dungeon Crawl Stone Soup version 0.29.1-15-g9cfb28693d (webtiles) character file.

Game seed: 9308538071800622253

2961 BuddhaDhamma the Severer (level 9, -12/70 HPs)
             Began as a Minotaur Berserker on Feb 24, 2023.
             Was an Elder of Trog.
             Mangled by a komodo dragon (20 damage)
             ... on level 8 of the Dungeon.
             The game lasted 00:22:04 (7291 turns).

BuddhaDhamma the Severer (Minotaur Berserker)       Turns: 7291, Time: 00:22:04

Health: -12/70     AC: 18    Str: 25    XL:     9   Next: 52%
Magic:  8/8        EV:  7    Int:  4    God:    Trog [****..]
Gold:   325        SH:  0    Dex: 11    Spells: 8/8 levels left

rFire   . . .      SeeInvis .   w - +0 battleaxe (freeze)
rCold   + . .      Faith    .   (shield currently unavailable)
rNeg    . . .      Spirit   .   l - +0 plate armour
rPois   .          Reflect  .   p - +2 hat
rElec   .          Harm     .   a - scarf {+Inv}
rCorr   .          Rampage  .   x - +0 pair of gloves
Will    .....                   (no boots)
Stlth   ..........              (no amulet)
HPRegen 0.21/turn               s - +4 ring of protection
MPRegen 0.11/turn               c - ring of protection from cold

@: on berserk cooldown, slowed, very slow
A: horns 2, retaliatory headbutt
a: Renounce Religion, Evoke Invisibility, Berserk, Trog's Hand, Brothers in Arms


You were on level 8 of the Dungeon.
You worshipped Trog.
Trog was greatly pleased with you.
You visited 1 branch of the dungeon, and saw 8 of its levels.

You collected 325 gold pieces.

Inventory:

Hand Weapons
 w - a +0 battleaxe of freezing (weapon)
Missiles
 h - 7 boomerangs (quivered)
 t - 5 silver javelins
Armour
 a - a scarf of invisibility (worn)
 l - a +0 plate armour (worn)
 p - a +2 hat (worn)
 x - a +0 pair of gloves (worn)
Jewellery
 c - a ring of protection from cold (right hand)
 s - a +4 ring of protection (left hand)
Wands
 g - a wand of acid (8)
 A - a wand of mindburst (12)
 C - a wand of flame (16)
Scrolls
 e - 4 scrolls of fear
 n - a scroll of blinking
 v - a scroll of fog
 D - a scroll of teleportation
Potions
 b - a potion of mutation {unknown}
 d - 3 potions of might
 f - a potion of magic {unknown}
 i - a potion of flight {unknown}
 j - 2 potions of heal wounds {unknown}
 k - a potion of berserk rage {unknown}
 m - a potion of cancellation {unknown}
 o - a potion of haste {unknown}
 r - 4 potions of curing
 z - a potion of resistance {unknown}


   Skills:
 - Level 3.6 Fighting
 + Level 15.8 Axes
 - Level 2.4 Armour
 - Level 2.1 Dodging


You had 8 spell levels left.
You didn't know any spells.
Your spell library was empty.

Dungeon Overview and Level Annotations

Branches:
Dungeon (8/15)             Temple (0/1) D:6
   Lair: D:8-11

Altars:
Ashenzari
Makhleb
Qazlal
Sif Muna
Trog
Uskayaw
The Shining One

Shops:
D:1 !   D:4 =

Annotations:
D:5 2 transporters, kingofthe's ghost, amateur OpCj


Innate Abilities, Weirdness & Mutations

You have a pair of horns on your head.
You reflexively headbutt those who attack you in melee.


Message History

You completely miss the komodo dragon. You slash the scorpion!
You freeze the scorpion.
You feel sick.
The bullfrog hits you but does no damage.
You barely miss the bullfrog.
The bullfrog is severely wounded.
You closely miss the komodo dragon. You barely miss the scorpion.
You feel sick.
The scorpion stings you but does no damage.
The komodo dragon bites you!! The bullfrog barely misses you.
You slice the bullfrog!! You freeze the bullfrog.
You kill the bullfrog!
Trog accepts your kill.
You slice the komodo dragon!!
The komodo dragon seems to slow down.
You freeze the komodo dragon. You slash the scorpion! You freeze the scorpion.
You kill the scorpion!
Trog accepts your kill.
You feel sick.
A scorpion comes into view.
You feel sick.
The komodo dragon bites you but does no damage.
You feel a strong urge to attack something.
You feel sick. The komodo dragon bites you!
You feel your anger nearly subside.
You are no longer berserk.
You are exhausted.
You feel yourself slow down.
You feel sick.
You feel sick.
The komodo dragon is no longer moving slowly.
The komodo dragon bites you!!
* * * LOW HITPOINT WARNING * * *
You hit the komodo dragon but do no damage.
Your headbutt misses the komodo dragon.
The komodo dragon is severely wounded.
You feel sick.
You are no longer poisoned.
The komodo dragon bites you!
* * * LOW HITPOINT WARNING * * *
You barely miss the komodo dragon. Your headbutt misses the komodo dragon.
The komodo dragon is heavily wounded.
The komodo dragon bites you!!
You die...

#..## #### ##..... ##.##
#...... ###.## ##.....
##...#### ##....
#.......### #....
#.........### ##...
#............## ##..
P...............## ##.
PP........†.l@...# ##
...P...).....s....# #### #
PP...............##
###..## PP..............#
##.....###
P.P...........###
#........#
...........#..###.........
P.........####..#.........
........### ###..........
P.P...### ##.........


You could see a komodo dragon and a scorpion.

Vanquished Creatures
  Grinder (D:4)
  Menkaure (D:4)
  Duvessa (D:4)
  A water moccasin (D:7)
  A black bear (D:6)
  An orc warrior (D:6)
  An ice beast (D:7)
  An ogre (D:4)
  2 centaurs
  A kobold brigand (D:7)
  3 bullfrogs (D:8)
  10 scorpions
  Dowan (D:4)
  A howler monkey (D:7)
  6 jellies
  2 gnoll boudas (D:7)
  4 orc priests
  A hound (D:5)
  Ijyb (D:4)
  3 iguanas
  8 orc wizards
  12 gnolls
  8 adders
  2 white imps
  2 ufetubi (D:5)
  A dart slug (D:5)
  18 orcs
  8 endoplasms
  2 giant cockroaches
  7 goblins
  4 hobgoblins
  4 jackals (D:3)
  15 kobolds
  A quokka (D:2)
  7 ball pythons
  9 bats
  5 frilled lizards
  4 rats
160 creatures vanquished.

Vanquished Creatures (others)
  17 fungi
  8 plants (D:8)
25 creatures vanquished.

Grand Total: 185 creatures vanquished

Notes
Turn   | Place    | Note
-------+----------+-------------------------------------------
     0 | D:1      | BuddhaDhamma the Minotaur Berserker began the quest for the
                  | Orb.
     0 | D:1      | Reached XP level 1. HP: 19/19 MP: 0/0
    71 | D:1      | Reached skill level 4 in Axes
   199 | D:1      | Found Laipink's Distillery.
   264 | D:1      | Reached XP level 2. HP: 26/26 MP: 1/1
   274 | D:1      | Found a faded altar of an unknown god.
   832 | D:2      | Found a hide-covered altar of Uskayaw.
  1078 | D:2      | Reached skill level 5 in Axes
  1078 | D:2      | Reached XP level 3. HP: 31/31 MP: 2/2
  1847 | D:3      | Reached skill level 6 in Axes
  1847 | D:3      | Reached XP level 4. HP: 39/39 MP: 3/3
  2005 | D:3      | Noticed a scorpion
  2011 | D:3      | Killed a scorpion
  2012 | D:3      | Reached skill level 7 in Axes
  2012 | D:3      | Reached XP level 5. HP: 38/45 MP: 4/4
  2314 | D:3      | Reached ** piety under Trog
  2458 | D:3      | Reached skill level 8 in Axes
  2471 | D:3      | Reached XP level 6. HP: 27/51 MP: 5/5
  3161 | D:4      | Found Liottics's Jewellery Shoppe.
  3176 | D:4      | Noticed Duvessa
  3176 | D:4      | Noticed Dowan
  3189 | D:4      | Killed Duvessa
  3190 | D:4      | Reached skill level 9 in Axes
  3198 | D:4      | Killed Dowan
  3255 | D:4      | Noticed Menkaure
  3268 | D:4      | Killed Menkaure
  3269 | D:4      | Reached XP level 7. HP: 8/57 MP: 6/6
  3646 | D:4      | Noticed Grinder
  3655 | D:4      | Killed Grinder
  3656 | D:4      | Reached skill level 10 in Axes
  3659 | D:4      | Reached skill level 11 in Axes
  3722 | D:4      | Noticed Ijyb
  3731 | D:4      | Killed Ijyb
  4071 | D:5      | Entered Level 5 of the Dungeon
  4144 | D:5      | Noticed a hornet
  4167 | D:5      | Found a transporter.
  4172 | D:5      | Found a transporter.
  4239 | D:5      | Reached XP level 8. HP: 60/64 MP: 7/7
  4268 | D:5      | Found a glowing golden altar of the Shining One.
  4268 | D:5      | Found a broken altar of Ashenzari.
  4268 | D:5      | Found a bloodstained altar of Trog.
  4269 | D:5      | Found a stormy altar of Qazlal.
  4403 | D:5      | Found a burning altar of Makhleb.
  4495 | D:5      | Noticed kingofthe's ghost (amateur OpCj)
  4583 | D:5      | Reached skill level 12 in Axes
  5176 | D:6      | Found a staircase to the Ecumenical Temple.
  5218 | D:6      | Reached *** piety under Trog
  5285 | D:6      | Reached skill level 13 in Axes
  5526 | D:6      | Found the +8 demon trident "Rift" {distort, reach+}
  5647 | D:6      | Found a shimmering blue altar of Sif Muna.
  5859 | D:6      | Reached skill level 14 in Axes
  5908 | D:6      | Reached XP level 9. HP: 70/70 MP: 8/8
  6419 | D:7      | Reached skill level 15 in Axes
  6723 | D:7      | Reached **** piety under Trog
  7270 | D:8      | Noticed a komodo dragon
  7291 | D:8      | Mangled by a komodo dragon

Illustrated notes

Levels and vault maps discovered:
D:1:      dpeg_arrival_orchard, layout_rooms,
          hellmonk_ecumenical_altar_arch_garden, serial_shops, shop_statue,
          corexii_corridor_pit
D:2:      layout_basic, basic_altar, minmay_misc_feat_columns, minmay_puff
D:3:      minmay_recursive_quarters, layout_basic, grunt_ministairs_8
D:4:      layout_basic, serial_shops, shop, reono_crystal_passage, uniq_duvessa,
          uniq_grinder, uniq_menkaure, uniq_ijyb
D:5:      layout_loops_ring, chequers_temple_overflow_statue_of_worship,
          marbit_many_paths, gammafunk_ghost_hive, solitary_fountain
D:6:      old_forge, layout_rooms, kennysheep_orc_sif_temple,
          minmay_temple_entry_slanted
D:7:      layout_loops_cross
D:8:      layout_cave_pods, due_lair_maze_entry_diamond, minmay_nine_imps,
          uniq_psyche, uniq_prince_ribbit1

Skill      XL: |  1  2  3  4  5  6  7  8  9 |
---------------+----------------------------+-----
Axes           | 4 5 6 7 8 9 11 14 15 | 15.8
Fighting       | |  3.6
Armour         | |  2.4
Dodging        | |  2.1

Action                   |  1- 3 |  4- 6 |  7- 9 || total
-------------------------+-------+-------+-------++-------
Melee: Hand axe          |    70 |    92 |    22 ||   184
       Headbutt          |     8 |    14 |    38 ||    60
       Punch             |       |     1 |     3 ||     4
       War axe           |       |       |   183 ||   183
       Battleaxe         |       |       |    23 ||    23
Throw: Stone             |     4 |       |       ||     4
       Javelin           |     5 |       |       ||     5
       Boomerang         |       |     2 |       ||     2
Invok: Berserk           |     1 |     3 |     4 ||     8
 Abil: Evoke Invisibilit |       |       |     1 ||     1
  Use: Scroll            |       |     9 |     8 ||    17
       Potion            |       |       |     1 ||     1
Armor: Scale mail        |     8 |       |       ||     8
       Animal skin       |     1 |       |       ||     1
       Plate armour      |    30 |    71 |   134 ||   235
Dodge: Dodged            |    25 |    29 |    88 ||   142
